Map: Sueño eterno EE

Players

THCpositive

  • Race: Protoss Protoss
  • League: Gold
  • Spawn Location: 7:00

MrFercho - Winner!

  • Race: Zerg Zerg
  • League: Silver
  • Spawn Location: 1:00

VOD

Have the link to the VOD?

Description

Time

  • Played on: July 18, 2020, 11:53 a.m.
  • Length: 14:54
Show
View Real Time Build Order
Export as new Build Order

THCpositive Protoss 

Build Orders:  

Get SALT Encoding   

  12  0:02  Probe  
  13  0:10  Probe  
  14  0:18  Probe  
  14  0:24  Pylon  
  15  0:42  Probe  
  16  0:50  Gateway  
  16  0:54  Probe  
  17  0:58  Gateway  
  17  1:07  Assimilator  
  17  1:28  Forge  
  17  1:31  Pylon  
  17  1:33  Pylon  
  17  1:35  Zealot  
  19  1:47  Zealot  
  21  1:54  Probe, Zealot  
  22  2:05  Cybernetics Core  
  24  2:13  Probe  
  24  2:14  Zealot  
  27  2:22  Zealot  
  27  2:25  Probe  
  30  2:38  Probe  
  30  2:41  Warp Gate, Zealot  
  33  2:58  Nexus  
  33  3:10  Stalker, Assimilator  
  35  3:18  Stalker  
  37  3:47  Stalker  
  39  3:49  Stalker  
  33  4:08  Probe  
  34  4:14  Probe  
  35  4:20  Probe  
  36  4:26  Probe  
  36  4:29  Photon Cannon  
  37  4:32  Photon Cannon  
  37  4:33  Probe  
  37  4:38  Probe  
  39  4:40  Protoss Ground Weapons Level 1  
  39  4:43  Stalker  
  39  4:45  Probe  
  42  4:50  Stalker, Probe  
  45  4:57  Probe  
  46  5:02  Probe  
  47  5:08  Robotics Facility  
  47  5:14  Probe  
  43  5:39  Probe  
  43  5:41  Pylon  
  44  5:43  Pylon  
  44  5:47  Assimilator  
  44  5:50  Assimilator  
  44  5:51  Probe  
  45  5:57  Twilight Council  
  45  5:59  Robotics Bay  
  45  6:01  Immortal  
  45  6:03  Probe  
  50  6:14  Probe  
  50  6:15  Probe  
  52  6:25  Stalker  
  52  6:26  Probe  
  52  6:27  Stalker, Probe  
  58  6:33  Charge  
  58  6:38  Probe  
  59  6:41  Gateway, Observer  
  59  6:43  Gateway  
  59  6:46  Gateway  
  60  6:51  Extended Thermal Lance  
  61  6:55  Probe  
  61  7:07  Probe  
  62  7:11  Zealot x2  
  66  7:20  Probe  
  67  7:25  Pylon  
  67  7:28  Pylon  
  67  7:29  Pylon  
  67  7:31  Protoss Ground Weapons Level 2  
  67  7:32  Colossus, Probe  
  68  7:43  Forge  
  68  7:44  Probe  
  75  8:16  Protoss Ground Armor Level 1  
  75  8:27  Gateway, Nexus  
  75  8:29  Gateway, Pylon  
  75  8:30  Gateway  
  75  8:31  Observer  
  75  8:32  Pylon  
  75  8:34  Gateway  
  75  8:37  Colossus  
  81  8:42  Zealot x3  
  81  8:44  Zealot  
  89  8:49  Zealot  
  91  9:08  Zealot  
  91  9:09  Zealot x4  
  101  9:18  Photon Cannon  
  101  9:21  Photon Cannon  
  101  9:32  Zealot x3  
  101  9:36  Stalker  
  109  9:40  Stalker  
  111  9:48  Unknown  
  111  9:49  Probe x3  
  114  10:01  Probe x2  
  84  10:28  Probe  
  85  10:30  Zealot x3  
  85  10:31  Zealot x6  
  101  10:55  Colossus  
  107  11:00  Zealot  
  82  11:42  Probe  
  82  11:43  Probe  
  82  11:44  Probe  
  82  11:45  Pylon  
  82  11:46  Pylon  
  85  11:47  Pylon  
  85  11:53  Observer  
  86  11:54  Probe  
  86  11:55  Probe  
  86  11:56  Probe, Zealot  
  86  11:57  Zealot x5  
  86  11:58  Zealot x2  
  86  11:59  Zealot  
  107  12:06  Probe  
  107  12:08  Probe x2  
  110  12:14  Observer  
  111  12:18  Probe  
  111  12:20  Probe x2  
  114  12:32  Probe x2  
  114  12:36  Gravitic Boosters  
  117  12:39  Colossus  
  117  12:42  Zealot  
  117  12:43  Zealot x4  
  132  12:56  Pylon  
  132  12:58  Pylon  
  132  12:59  Pylon  
  132  13:00  Pylon  
  132  13:02  Pylon  
  132  13:32  Colossus  
  138  13:36  Stalker x2  
  138  13:37  Stalker x4  
  138  13:38  Stalker  
  138  13:39  Nexus  
  152  13:41  Stalker  
  152  13:45  Stalker  
  156  13:51  Nexus  
  156  14:19  Stalker x4  
  156  14:20  Stalker x2  
Show
View Real Time Build Order
Export as new Build Order

MrFercho Zerg - Winner!

Build Orders: Hatch First, Lurkers 

Get SALT Encoding   

  12  0:05  Drone  
  13  0:17  Overlord  
  13  0:18  Drone  
  14  0:36  Drone x2  
  16  0:57  Hatchery  
  16  0:58  Drone x2  
  16  1:00  Drone  
  18  1:13  Extractor  
  18  1:18  Spawning Pool  
  16  1:21  Drone  
  17  1:26  Drone  
  18  1:33  Drone  
  19  1:44  Drone  
  20  1:55  Overlord  
  20  2:05  Queen  
  22  2:08  Queen  
  22  2:10  Drone x2  
  22  2:15  Drone  
  27  2:18  Metabolic Boost  
  27  2:19  Drone  
  28  2:26  Drone  
  29  2:30  Drone  
  29  2:37  Drone  
  31  2:41  Drone  
  32  2:52  Drone  
  32  2:53  Drone  
  34  3:03  Overlord x2  
  34  3:11  Drone  
  35  3:22  Zergling x10  
  35  3:23  Zergling x4  
  42  3:40  Zergling x8  
  44  3:46  Queen  
  46  3:52  Drone x2  
  48  4:14  Baneling Nest  
  48  4:16  Evolution Chamber, Drone x4  
  50  4:26  Lair  
  50  4:33  Zergling x2  
  50  4:34  Zergling x2  
  50  4:35  Overlord x3  
  52  4:43  Zerg Melee Weapons Level 1  
  41  5:32  Drone x2  
  41  5:33  Drone x12  
  53  5:37  Extractor  
  53  5:39  Centrifical Hooks  
  53  5:40  Extractor  
  51  5:52  Hydralisk Den  
  50  6:17  Hatchery  
  50  6:18  Zergling x18  
  58  6:21  Hatchery  
  58  6:23  Hatchery  
  56  6:32  Queen  
  58  6:46  Drone  
  59  6:48  Muscular Augments  
  59  7:23  Hydralisk x8  
  59  7:26  Overlord x3  
  75  7:56  Zerg Missile Weapons Level 1  
  75  7:59  Grooved Spines  
  75  8:08  Drone x2  
  75  8:09  Drone x7  
  84  8:16  Drone  
  85  8:24  Extractor  
  84  8:27  Lurker Den, Spore Crawler  
  84  8:32  Drone x3, Infestation Pit  
  84  8:37  Hatchery  
  84  8:41  Drone x6  
  89  8:44  Extractor  
  89  8:46  Extractor  
  87  8:52  Baneling x11  
  87  9:14  Hydralisk x9  
  87  9:16  Overlord x4  
  87  9:17  Overlord x2  
  105  9:19  Zergling x8  
  109  9:33  Overlord  
  109  9:34  Overlord x2, Queen  
  109  9:35  Hydralisk x4  
  119  9:45  Hydralisk  
  119  9:46  Hydralisk x2  
  119  9:47  Overlord  
  119  9:48  Overlord x2  
  125  10:00  Spore Crawler  
  125  10:04  Spine Crawler  
  113  10:16  Hydralisk x9  
  104  10:30  Zergling x2  
  104  10:31  Zergling x24  
  115  10:38  Hive  
  115  10:44  Lurker x2  
  115  10:45  Lurker  
  111  10:57  Zergling x8  
  111  10:58  Zergling x12  
  117  11:09  Zergling x2  
  117  11:10  Zergling x12  
  122  11:12  Zerg Melee Weapons Level 2  
  122  11:16  Overseer  
  120  11:21  Zergling x4  
  120  11:22  Zergling x8  
  118  11:30  Extractor  
  111  11:34  Extractor  
  111  11:38  Baneling  
  111  11:39  Baneling x12  
  110  11:48  Zergling x10  
  110  11:49  Zergling x10, Spine Crawler  
  110  11:53  Adaptive Talons  
  119  11:57  Drone  
  119  11:58  Drone  
  121  12:19  Lurker x3  
  121  12:20  Lurker  
  125  12:23  Drone x8  
  125  12:24  Drone x3  
  125  12:26  Queen  
  138  12:50  Seismic Spines  
  138  13:03  Overlord x2  
  138  13:04  Overlord  
  138  13:06  Zergling x2  
  138  13:07  Zergling x40  
  138  13:09  Extractor, Hatchery  
  157  13:13  Extractor  
  156  13:27  Hydralisk x7  
  156  13:31  Lurker x6  
  176  13:51  Baneling x7  
  176  13:52  Baneling x5  
  176  13:56  Drone x11  
  176  13:58  Drone  
Tags
 
Composition
Lurkers
Matchup
PvZ
Replay Pack
MrFercho
Spawn Locations
Cross Positions
Add a new tag
Caveats
  • Supply blocks, unpowered buildings, or Contaminate may cause inaccurate times.
  • Supply counts are checked every 10 seconds.